Map: 프리온 단구

Players

Apocalypse - Winner!

  • Race: Terran Terran

NYK

  • Race: Zerg Zerg
  • League: Master

Event: Gauntlet LotV Series 1 Qualifier 1

VOD

Have the link to the VOD?

Description

Time

  • Played on: Nov. 22, 2015, 4:07 p.m.
  • Length: 5:30

All games in this series

Show
View Real Time Build Order
Export as new Build Order

Apocalypse Terran - Winner!

Build Orders: Reaper Expand 

Get SALT Encoding   

  12  0:01  SCV  
  13  0:13  SCV  
  14  0:17  Supply Depot  
  14  0:25  SCV  
  15  0:39  SCV  
  15  0:40  Barracks  
  16  0:43  Refinery  
  16  0:51  SCV  
  17  1:03  SCV  
  18  1:15  SCV  
  19  1:27  Reaper  
  19  1:28  Orbital Command  
  20  1:40  Command Center  
  20  1:45  Refinery  
  20  1:54  Supply Depot  
  20  1:55  SCV  
  20  2:01  Barracks Reactor  
  21  2:07  SCV  
  22  2:18  Factory  
  22  2:19  SCV  
  23  2:31  SCV  
  24  2:42  Marine x2  
  24  2:43  SCV  
  27  2:47  Bunker  
  27  2:53  Orbital Command  
  27  2:56  SCV  
  28  2:59  Marine  
  28  3:00  Marine  
  28  3:04  Factory Tech Lab  
  30  3:08  SCV, Starport  
  31  3:17  Bunker  
  31  3:19  SCV  
  32  3:20  SCV  
  32  3:24  Siege Tank  
  36  3:27  Marine  
  36  3:28  Marine  
  36  3:31  SCV  
  36  3:32  SCV  
  40  3:40  Supply Depot  
  39  3:41  Supply Depot  
  39  3:43  SCV  
  39  3:45  Medivac  
  39  3:47  Marine  
  39  3:48  Marine  
  44  3:52  SCV  
  44  3:55  SCV  
  46  4:00  Liberator  
  46  4:01  Siege Tank  
  49  4:06  SCV  
  50  4:11  SCV  
  50  4:16  Marine x2  
  53  4:18  SCV  
  57  4:25  SCV  
  57  4:27  Supply Depot  
  57  4:30  SCV  
  59  4:34  Command Center  
  59  4:36  Marine x2  
  59  4:37  SCV  
  51  4:53  Siege Tank  
  51  4:54  Marine  
  51  4:59  Marine  
  48  5:08  Supply Depot  
Show
View Real Time Build Order
Export as new Build Order

NYK Zerg 

Build Orders: Hatch First 

Get SALT Encoding   

  12  0:02  Drone  
  13  0:13  Drone  
  14  0:20  Overlord  
  14  0:32  Extractor  
  14  0:33  Drone  
  15  0:39  Drone x2  
  17  0:55  Hatchery  
  16  1:00  Drone x2  
  18  1:06  Extractor  
  17  1:16  Spawning Pool  
  16  1:21  Drone  
  16  1:22  Drone  
  18  1:30  Drone  
  19  1:40  Overlord  
  19  2:05  Zergling x4  
  19  2:06  Queen  
  23  2:12  Queen  
  25  2:17  Metabolic Boost  
  25  2:22  Drone  
  26  2:23  Drone  
  27  2:36  Drone  
  27  2:37  Drone x3  
  30  2:57  Extractor  
  29  2:59  Overlord x2  
  29  3:00  Roach Warren  
  27  3:07  Overlord x2  
  27  3:14  Zergling x2  
  27  3:15  Zergling x4  
  27  3:18  Zergling x2  
  27  3:19  Zergling x4  
  32  3:42  Roach x6  
  32  3:47  Zergling x2  
  45  3:52  Zergling x2  
  46  4:00  Zergling x2  
  47  4:03  Ravager  
  47  4:04  Ravager x2  
  47  4:07  Zergling x10  
  55  4:11  Ravager  
  55  4:15  Zergling x2  
  55  4:16  Zergling x4  
  59  4:22  Zergling x2  
  60  4:28  Zergling x2  
  48  4:53  Zergling x2  
  48  4:54  Zergling x12  
  43  5:11  Zergling x6  
Tags
 
Add a new tag
Caveats
  • Supply blocks, unpowered buildings, or Contaminate may cause inaccurate times.
  • Supply counts are checked every 10 seconds.